 Dungeon Crawl Stone Soup version 0.16.0-8-gd9ae3a8 (webtiles) character file.

1593 Rotinaj the Shield-Bearer (level 9, -6/68 HPs)
             Began as a Human Fighter on Mar 15, 2015.
             Was a Believer of Okawaru.
             Mangled by a gnoll
             ... wielding a +0 trident
              (10 damage)
             ... on level 7 of the Dungeon on Mar 16, 2015.
             The game lasted 00:53:49 (4956 turns).

Rotinaj the Shield-Bearer (Human Fighter)           Turns: 4956, Time: 00:53:51

Health: -6/68      AC: 12    Str: 19    XL:     9   Next: 15%
Magic:  9/9        EV:  5    Int:  8    God:    Okawaru [**....]
Gold:   164        SH: 10    Dex: 14    Spells: 1 memorised, 7 levels left

rFire  . . .     SeeInvis .     h - +2 mace (drain)
rCold  . . .     Clarity  .     w - +0 plate armour
rNeg   . . .     SustAb   .     c - +0 shield
rPois  .         Gourm    .     (no helmet)
rElec  .         Spirit   .     (no cloak)
rCorr  .         Warding  .     (no gloves)
rMut   .         Stasis   .     (no boots)
MR     .....                    (no amulet)
Stlth  ..........               (no ring)
                                (no ring)

@: lethally poisoned (-6 -> -8), not resistant to hostile enchantments,
extremely unstealthy
A: no striking features
a: Heroism, Renounce Religion


You were on level 7 of the Dungeon.
You worshipped Okawaru.
Okawaru was pleased with you.
You were very full.

You visited 2 branches of the dungeon, and saw 7 of its levels.

You collected 164 gold pieces.

Inventory:

Hand weapons
 a - a +0 war axe
 d - a +0 halberd
 h - a +2 mace of draining (weapon)
 m - a +2 hunting sling of freezing
 n - a +0 dagger of venom
 v - a +0 shortbow
 B - a +0 hand crossbow
 E - a +3 scimitar of freezing
Missiles
 e - 33 stones (quivered)
 f - 22 sling bullets
 x - 18 arrows
Armour
 c - a +0 shield (worn)
 w - a +0 plate armour (worn)
Magical devices
 o - a wand of slowing (9)
 C - a wand of paralysis (24)
Scrolls
 i - a scroll of enchant weapon
 j - a scroll of identify
 s - a scroll of noise
 t - a scroll of amnesia
 z - 2 scrolls of remove curse
Potions
 g - a potion of invisibility {unknown}
 l - 2 potions of resistance {unknown}
 A - 2 potions of lignification {unknown}
 D - a potion of ambrosia {unknown}
Books
 b - a book of Air

   Spells                             Type                      Level
   a - Shock                          Conjuration/Air              1
   b - Swiftness                      Charms/Air                   2
   c - Repel Missiles                 Charms/Air                   2
   d - Flight                         Charms/Air                   3
   e - Static Discharge               Conjuration/Air              3
   f - Lightning Bolt                 Conjuration/Air              5
Comestibles
 p - a royal jelly
 q - a meat ration
 r - a beef jerky


   Skills:
 + Level 5.5 Fighting
 + Level 3.3(4.1) Axes
 + Level 3.7(4.3) Maces & Flails
 + Level 6.1 Armour
 + Level 2.5 Dodging
 + Level 1.3 Stealth
 + Level 6.5 Shields
 + Level 0.2 Invocations


You had 7 spell levels left.
You knew the following spells:

 Your Spells              Type           Power        Failure   Level  Hunger
a - Shock                 Conj/Air       #...         100%        1    ##.....


Dungeon Overview and Level Annotations

Branches:
Dungeon (7/15)             Temple (1/1) D:5

Altars:
Ashenzari
Dithmenos
Elyvilon
Gozag
Okawaru
Qazlal
Ru
Sif Muna
Trog
Yredelemnul
The Shining One

Shops:
D:7 }


Message History

The scroll dissolves into smoke.
The worker ant barely misses you.
The orc warrior hits you with a dire flail of protection!
* * * LOW HITPOINT WARNING * * *
The orc barely misses you. The gnoll hits you but does no damage.
You block the kobold's attack. The orc hits you but does no damage.
A giant cockroach comes into view.
You feel sick.
The worker ant bites you but does no damage.
The gnoll hits you from afar with a trident.
* * * LOW HITPOINT WARNING * * *
The orc warrior hits you with a dire flail of protection.
* * * LOW HITPOINT WARNING * * *
You thump the worker ant!!
You kill the worker ant!
Okawaru accepts your kill.
The orc warrior hits you with a dire flail of protection.
* * * LOW HITPOINT WARNING * * *
The kobold throws a stone.
You block the stone. The gnoll hits you with a trident!
You die...

#.#....#....... .
.......#....... .(...
#.#.....<.....# .......
#.#......<....##........
#.....#.......#. #.......
##.......#.#.... #........
#........#...#.# #........ ##
#.......[###g#o####s.......
...##.........§@oK§§..(.........
##.........#..§§o§§§...?.s......
..............§§§§§§............
#####.....#......§.####........
#.........##..(#..###........
#......#.....................
#........###>.##....#.......
#......#####..#.............
####.............#......#......


You could see an orc warrior, a gnoll, an orc and a kobold.

Vanquished Creatures
  2 ogres
  A phantom (D:7)
  A black bear (D:6)
  An orc warrior (D:6)
  2 centaurs
  3 giant frogs (D:6)
  Blork the orc (D:6)
  3 wights (D:6)
  2 crimson imps (D:5)
  4 hounds
  3 orc priests
  A centaur skeleton (D:5)
  6 worker ants
  An orc wizard (D:6)
  A hound zombie (D:7)
  2 gnolls (D:4)
  4 adders
  A shadow imp (D:7)
  2 worms (D:4)
  An ooze (D:6)
  A giant gecko (D:6)
  14 orcs
  3 bats
  A bat skeleton (D:4)
  A bat zombie (D:5)
  4 giant cockroaches
  4 goblins
  6 hobgoblins
  4 jackals (D:6)
  5 kobolds
  2 quokkas
  A giant newt (D:6)
  8 rats
96 creatures vanquished.

Notes
Turn   | Place    | Note
--------------------------------------------------------------
     0 | D:1      | Rotinaj, the Human Fighter, began the quest for the Orb.
     0 | D:1      | Reached XP level 1. HP: 18/18 MP: 1/1
    61 | D:1      | Upgraded the game from 0.16.0-6-gad6103a to 0.16.0-8-gd9ae3a8
   272 | D:2      | You fall through a shaft for 2 floors!
   274 | D:4      | Noticed a hound
   285 | D:4      | Killed a hound
   285 | D:4      | Reached XP level 2. HP: 12/24 MP: 2/2
   285 | D:4      | Reached XP level 3. HP: 14/29 MP: 3/3
   323 | D:4      | Reached XP level 4. HP: 3/35 MP: 4/4
   839 | D:4      | Reached skill level 4 in Armour
   993 | D:4      | Reached skill level 1 in Dodging
  1169 | D:4      | Noticed a worker ant
  1182 | D:4      | Killed a worker ant
  1182 | D:4      | Reached XP level 5. HP: 35/41 MP: 5/5
  1664 | D:5      | Entered Level 5 of the Dungeon
  1664 | D:5      | Found a staircase to the Ecumenical Temple.
  1680 | Temple   | Entered the Ecumenical Temple
  1863 | Temple   | Became a worshipper of Warmaster Okawaru
  1997 | D:5      | Reached XP level 6. HP: 46/48 MP: 6/6
  2233 | D:5      | Noticed an ogre
  2246 | D:5      | Killed an ogre
  2246 | D:5      | Reached XP level 7. HP: 21/54 MP: 7/7
  2409 | D:5      | Acquired Okawaru's first power
  2600 | D:5      | Found an iron altar of Okawaru.
  2711 | D:5      | Reached skill level 5 in Armour
  3325 | D:6      | Reached skill level 1 in Stealth
  3481 | D:6      | Reached skill level 1 in Maces & Flails
  3481 | D:6      | Reached skill level 5 in Shields
  3481 | D:6      | Reached XP level 8. HP: 51/61 MP: 8/8
  3702 | D:6      | Noticed Blork the orc
  3720 | D:6      | Killed Blork the orc
  3770 | D:6      | Reached skill level 5 in Fighting
  4211 | D:6      | Reached skill level 6 in Shields
  4228 | D:6      | Learned a level 1 spell: Shock
  4415 | D:6      | Found a shadowy altar of Dithmenos.
  4599 | D:7      | Reached XP level 9. HP: 43/68 MP: 9/9
  4882 | D:7      | Found Pnim's Gadget Emporium.
  4956 | D:7      | Mangled by a gnoll

Action                   |  1- 3 |  4- 6 |  7- 9 || total
-------------------------+-------+-------+-------++-------
Melee: War axe           |    40 |    65 |       ||   105
       Mace              |       |    20 |   185 ||   205
Invok: Heroism           |       |       |     1 ||     1
  Use: Scroll            |     2 |       |     9 ||    11
       Potion            |     1 |       |     1 ||     2
  Eat: Bread ration      |     1 |       |       ||     1
       Meat ration       |       |     1 |     2 ||     3
